Map: Coda EC

Players

kYs

  • Race: Protoss Protoss
  • League: Grandmaster

AgCl - Winner!

  • Race: Protoss Protoss
  • League: Grandmaster

VOD

Have the link to the VOD?

Description

Time

  • Played on: July 12, 2015, 5:15 p.m.
  • Length: 3:17
Show
View Real Time Build Order
Export as new Build Order

kYs Protoss 

Build Orders:  

Get SALT Encoding   

  12  0:03  Probe  
  13  0:15  Probe  
  14  0:29  Pylon  
  14  0:48  Gateway  
  14  0:58  Probe (Chrono Boost)  
  15  1:06  Assimilator x2  
  15  1:07  Probe (Chrono Boost)  
  16  1:15  Probe  
  17  1:18  Gateway  
  17  1:37  Cybernetics Core  
  17  1:56  Zealot  
  19  2:18  Zealot  
Show
View Real Time Build Order
Export as new Build Order

AgCl Protoss - Winner!

Build Orders:  

Get SALT Encoding   

  12  0:03  Probe  
  13  0:21  Probe  
  13  0:22  Pylon  
  14  0:40  Probe  
  15  0:53  Probe, Gateway  
  16  1:05  Probe  
  17  1:14  Assimilator  
  17  1:16  Assimilator  
  17  1:17  Probe  
  18  1:29  Probe  
  19  1:41  Probe  
  19  1:43  Cybernetics Core  
  20  1:48  Nexus  
  20  1:53  Probe (Chrono Boost)  
  21  2:04  Probe (Chrono Boost)  
  22  2:17  Pylon  
  22  2:35  Zealot (Chrono Boost)  
  24  2:39  Probe  
  25  2:52  Probe  
  23  3:04  Probe  
Tags
 
Add a new tag
Caveats
  • Supply blocks, unpowered buildings, or Contaminate may cause inaccurate times.
  • Supply counts are checked every 10 seconds.